 Dungeon Sprint DCSS version 0.30.0-13-g156ef70053 (webtiles) character file.

Game seed: 16380228206851807705

480 retardedninja the Fighter (level 6, -2/64 HPs)
             Began as a Minotaur Fighter on May 17, 2023.
             Was an Initiate of Gozag.
             Slain by a wyvern (13 damage)
             ... in the Dungeon (Sprint IX: "|||||||||||||||||||||||||||||").
             The game lasted 00:01:20 (237 turns).

retardedninja the Fighter (Minotaur Fighter)         Turns: 237, Time: 00:01:20

Health: -2/64      AC: 12    Str: 23    XL:     6   Next: 86%
Magic:  5/5        EV: 10    Int:  8    God:    Gozag
Gold:   0          SH:  5    Dex:  9    Spells: 5/5 levels left

rFire   . . .        m - +1 broad axe (heavy)
rCold   . . .        c - +0 buckler
rNeg    . . .        b - +0 scale mail
rPois   .            (helmet restricted)
rElec   .            (no cloak)
rCorr   .            n - +0 pair of gloves
SInv    .            (no boots)
Will    .....        (no amulet) Stlth
                     o - +3 ring of intelligence
HPRegen 0.30/turn    p - +2 ring of protection
MPRegen 0.09/turn

%: no teleportation
@: gold aura, hasted, invisible, very quick
A: horns 2, retaliatory headbutt
a: Renounce Religion, Potion Petition, Call Merchant, Bribe Branch


You were in the Dungeon.
You worshipped Gozag.
Gozag was noncommittal.
You visited 1 branch

Inventory:

Hand Weapons
 m - a +1 heavy broad axe (weapon)
Armour
 b - a +0 scale mail (worn)
 c - a +0 buckler (worn)
 n - a +0 pair of gloves (worn)
Jewellery
 o - a +3 ring of intelligence (left hand)
 p - a +2 ring of protection (right hand)
Wands
 l - a wand of iceblast (10)
Scrolls
 j - 2 scrolls of blinking
 k - 2 scrolls of amnesia
Potions
 d - a potion of might
 e - 3 potions of curing
 h - 4 potions of magic
 i - a potion of heal wounds


   Skills:
 + Level 9.5 Fighting
 + Level 9.3 Axes
 + Level 9.5 Armour
 + Level 3.0 Dodging
 + Level 1.5 Stealth
 + Level 8.5 Shields


You had 5 spell levels left.
You didn't know any spells.
Your spell library was empty.

Dungeon Overview and Level Annotations

Branches:
Dungeon (1/1)

Altars:
Cheibriados
Dithmenos
Elyvilon
Fedhas
Gozag
Hepliaklqana
Kikubaaqudgha
Makhleb
Nemelex Xobeh
Okawaru
Qazlal
Ru
Sif Muna
Trog
Uskayaw
Vehumet
Wu Jian
Xom
Yredelemnul
Zin
The Shining One
Jiyva
Lugonu


Innate Abilities, Weirdness & Mutations

You have a pair of horns on your head.
You reflexively headbutt those who attack you in melee.


Message History

The wyvern barely misses you. The wyvern bites you.
Unknown command.
You closely miss the wyvern.
The wyvern is moderately wounded.
The wyvern closely misses you.
Unknown command.
You barely miss the wyvern.
The wyvern is moderately wounded.
The wyvern bites you!
* * * LOW HITPOINT WARNING * * *
The wyvern barely misses you.
Unknown command.
You barely miss the wyvern.
The wyvern is moderately wounded.
The wyvern closely misses you. x2
Unknown command.
You feel better. The wyvern bites you.
* * * LOW HITPOINT WARNING * * *
You barely miss the wyvern. Your headbutt misses the wyvern.
The wyvern is moderately wounded.
You block the wyvern's attack. The wyvern bites you.
* * * LOW HITPOINT WARNING * * *
Unknown command.
Unknown command.
You barely miss the wyvern. You headbutt the wyvern.
The wyvern is heavily wounded.
The wyvern is distracted by your dazzling golden aura.
Unknown command.
You barely miss the wyvern.
The wyvern is no longer distracted by gold.
The wyvern hisses angrily.
You headbutt the wyvern, but do no damage.
The wyvern is heavily wounded.
The wyvern closely misses you. You furiously retaliate!
You headbutt the wyvern! You closely miss the wyvern.
Your headbutt misses the wyvern.
The wyvern is severely wounded.
The wyvern barely misses you. The wyvern bites you!
You die...
Your body crumbles into a pile of gold. $$$$$ $ $ $ $$$$$ $$$$ $ $$ ▓▓▓▓▓▓▓▓▓▓▓▓▓▓▓▓▓▓▓▓▓▓▓ +...yl@'..[...)..'_____ ▓▓▓▓▓▓▓▓▓▓▓▓▓▓▓▓▓▓▓▓▓▓▓

You could see a wyvern (unable to see you) and a vampire mosquito (unable to see you).

Vanquished Creatures
  3 orc warriors (D)
  A centaur (D)
  An ogre (D)
  An adder (D)
  A white imp (D)
  2 dart slugs (D)
  A ball python (D)
  A jackal (D)
  A kobold (D)
  A quokka (D)
  A rat (D)
14 creatures vanquished.

Notes
Turn   | Place    | Note
-------+----------+-------------------------------------------
     0 | D        | retardedninja the Minotaur Fighter began the quest for the
                  | Orb.
     0 | D        | Reached XP level 1. HP: 19/19 MP: 0/0
    19 | D        | Noticed an ogre
    22 | D        | Reached XP level 2. HP: 10/28 MP: 1/1
    24 | D        | Reached skill level 5 in Fighting
    30 | D        | Reached skill level 5 in Armour
    30 | D        | Reached skill level 5 in Shields
    30 | D        | Reached XP level 3. HP: 36/36 MP: 2/2
    32 | D        | Killed an ogre
    33 | D        | Reached skill level 5 in Axes
    33 | D        | Reached skill level 1 in Dodging
    33 | D        | Reached XP level 4. HP: 45/45 MP: 3/3
    72 | D        | Found a snail-covered altar of Cheibriados.
    72 | D        | Found a shadowy altar of Dithmenos.
    72 | D        | Found a white marble altar of Elyvilon.
    72 | D        | Found a blossoming altar of Fedhas.
    72 | D        | Found an opulent altar of Gozag.
    73 | D        | Found a hazy altar of Hepliaklqana.
    74 | D        | Found a viscous altar of Jiyva.
    75 | D        | Found an ancient bone altar of Kikubaaqudgha.
    76 | D        | Found a corrupted altar of Lugonu.
    77 | D        | Found a burning altar of Makhleb.
    78 | D        | Found a sparkling altar of Nemelex Xobeh.
    79 | D        | Found an iron altar of Okawaru.
    80 | D        | Found a stormy altar of Qazlal.
    81 | D        | Found a sacrificial altar of Ru.
    82 | D        | Found a shimmering blue altar of Sif Muna.
    83 | D        | Found a bloodstained altar of Trog.
    84 | D        | Found a hide-covered altar of Uskayaw.
    85 | D        | Found a radiant altar of Vehumet.
    86 | D        | Found an ornate altar of the Wu Jian Council.
    87 | D        | Found a shimmering altar of Xom.
    88 | D        | Found a basalt altar of Yredelemnul.
    89 | D        | Found a glowing silver altar of Zin.
    90 | D        | Found a glowing golden altar of the Shining One.
   108 | D        | Became a worshipper of Gozag Ym Sagoz the Greedy
   212 | D        | Noticed a vampire mosquito
   212 | D        | Noticed a wyvern
   212 | D        | Noticed an orc warrior
   212 | D        | Noticed an orc warrior
   212 | D        | Noticed a centaur
   212 | D        | Noticed an orc warrior
   218 | D        | Killed an orc warrior
   219 | D        | Reached XP level 5. HP: 17/53 MP: 4/4
   221 | D        | Killed a centaur
   222 | D        | Reached XP level 6. HP: 37/62 MP: 5/5
   224 | D        | Killed an orc warrior
   225 | D        | Reached skill level 1 in Stealth
   228 | D        | Killed an orc warrior
   237 | D        | Slain by a wyvern

Illustrated notes

Levels and vault maps discovered:
D:        linesprint [early_d, line_temple, items_1, d_10, items_2, lair_1,
          lair_end, items_3, orc_1, orc_end, items_4, d_15, swamp_1, shoals_1,
          snake_1, spider_1, d_20, vaults_1, items_5, swamp_end, shoals_end,
          snake_end, spider_end, vaults_end, d_27, items_6, zot_1, zot_end,
          crypt_end, forest_end, elf_end, slime_end, tomb_end, abyss_end,
          pan_hell_end]

Skill      XL: |  1  2  3  4  5  6 |
---------------+-------------------+-----
Fighting       | 4 5 6 7 8 9 |  9.5
Armour         | 4 5 6 8 9 |  9.5
Shields        | 4 5 6 7 8 |  8.5
Axes           | 3 5 6 7 9 |  9.3
Dodging        | 1 2 3 |  3.0
Stealth        | 1 |  1.5

Action                     |  1- 3 |  4- 6 || total
---------------------------+-------+-------++-------
  Melee: War axe           |    19 |       ||    19
         Headbutt          |     2 |     3 ||     5
         Broad axe         |       |    18 ||    18
    Use: Potion            |     2 |     5 ||     7
   Stab: Invisible         |       |     2 ||     2
 Armour: Scale mail        |     8 |       ||     8
  Dodge: Dodged            |    10 |    17 ||    27
  Block: Buckler           |     2 |     2 ||     4
